AoeStats
← anthony008

Pilgrims

510090958Analyzed
3v3 RM · 3d ago on Sep 29, 2026· 41m 46s· 6 players
Game mode
Random Map
Map size
Normal (6 player)
Population
200
Speed
Normal
Resources
Standard
Victory
Conquest
Starting age
Dark Age
Ending age
Imperial Age
RankedLock teamsTeams togetherTeam positionsShared explorationLock speedFull tech treeHidden civsTurbo modeCheats
Victory
Defeat
🇨🇳 Danes · China
614
+13
🇦🇷 Spanish · Argentina
608
+14
🇫🇷 Cumans · France
496
+18
🇮🇳 Saxons · India
578
-16
🇮🇳 Inca · India
574
-16
🇮🇩 Dravidians · Indonesia
513
-13
yanuj4284
3:18 Loom
12:53 Feudal Age
18:15 Wheelbarrow
18:33 Town Watch
19:02 Horse Collar
19:07 Double-Bit Axe
19:32 Champi Runner
19:58 Arson
20:18 Double-Bit Axe
22:19 Gold Mining
28:12 Castle Age
28:38 Champi Warrior
29:20 Squires
31:50 Town Patrol
33:25 Thumb Ring
35:28 Hand Cart
37:27 Pikeman
8man
12:13 Feudal Age
10:30 Loom
13:03 Horse Collar
13:53 Double-Bit Axe
20:57 Castle Age
22:15 Thumb Ring
23:49 Heavy Plow
24:02 Crossbowman
26:34 Fletching
26:45 Padded Archer Armor
31:40 Bodkin Arrow
37:05 Imperial Age
34:23 Town Watch
37:36 Forging
40:17 Chemistry
39:38 Ballistics
39:13 Murder Holes
40:10 Hoardings
BelumWisuda
anthony008
4:14 Loom
15:41 Feudal Age
17:31 Wheelbarrow
16:54 Horse Collar
17:03 Double-Bit Axe
17:14 Gold Mining
17:24 Stone Mining
17:24 Town Watch
18:04 Fishing Lines
22:22 Castle Age
22:16 Forging
22:07 Scale Mail Armor
22:13 Scale Barding Armor
21:59 Fletching
22:09 Padded Archer Armor
23:49 Hand Cart
23:36 Town Patrol
24:23 Medium Warships
24:06 Gillnets
25:08 Heavy Plow
25:24 Bow Saw
25:53 Gold Shaft Mining
25:52 Bodkin Arrow
26:40 Masonry
26:42 Clinker Construction
27:56 Capped Ram
28:45 Pikeman
29:26 Squires
29:11 Arson
32:35 Light Cavalry
33:26 Bloodlines
33:46 Ballistics
33:22 Murder Holes
33:39 Careening
36:18 Chain Barding Armor
43:31 Imperial Age
Bambam87607
12:41 Feudal Age
13:12 Double-Bit Axe
13:47 Horse Collar
20:44 Gold Mining
23:23 Castle Age
23:10 Bloodlines
24:26 Stone Mining
25:21 Bow Saw
25:50 Stone Shaft Mining
25:19 Heavy Plow
25:32 Scale Barding Armor
25:31 Husbandry
29:08 Forging
29:45 Pikeman
30:25 Squires
32:47 Wheelbarrow
31:58 Town Watch
32:44 Ballistics
32:21 Murder Holes
32:54 Inquisition
33:38 Masonry
33:55 Chain Barding Armor
34:12 Iron Casting
33:29 Fletching
34:17 Scale Mail Armor
38:10 Imperial Age
38:31 Arson
38:20 Cavalier
39:41 Plate Barding Armor
39:02 Bodkin Arrow
40:08 Blast Furnace
39:24 Chain Mail Armor
39:10 Padded Archer Armor
39:53 Hoardings
40:53 Two-Man Saw
伐木王
11:47 Loom
23:08 Feudal Age
26:10 Double-Bit Axe
28:38 Gold Mining
31:36 Castle Age
33:22 Horse Collar
34:51 Bow Saw
35:32 Heavy Plow
37:00 Town Watch
37:11 Stone Mining
37:58 Gold Shaft Mining
39:59 Imperial Age
42:35 Stone Shaft Mining
Connection lost

Rejoining the realm…

Still unreachable

The connection could not be restored.

Session expired

The server has moved on; the page needs a fresh start.